AoeStats
← Typhz

Fortress

509271438Analyzed
3v3 RM · 7d ago on Sep 26, 2026· 57m 56s· 6 players
Game mode
Random Map
Map size
Large (8 player)
Population
200
Speed
Normal
Resources
Standard
Victory
Conquest
Starting age
Dark Age
Ending age
Imperial Age
RankedLock teamsTeams togetherTeam positionsShared explorationLock speedFull tech treeHidden civsTurbo modeCheats
Victory
Defeat
🇧🇷 Italians · Brazil
794
+13
🇧🇷 Bohemians · Brazil
747
+15
🇧🇷 Lithuanians · Brazil
705
+16
🇨🇴 Mongols · Colombia
751
-16
🇨🇴 Bohemians · Colombia
749
-16
🇨🇴 Burgundians · Colombia
650
-12
ARV-070
6:16 Feudal Age
10:18 Wheelbarrow
12:41 Castle Age
11:04 Town Watch
18:50 Hand Cart
18:35 Town Patrol
18:22 Loom
18:59 Double-Bit Axe
18:55 Horse Collar
19:08 Gold Mining
19:11 Stone Mining
21:50 Bow Saw
21:43 Heavy Plow
22:30 Fletching
22:42 Padded Archer Armor
22:51 Elite Skirmisher
23:52 Bodkin Arrow
24:49 Thumb Ring
26:37 Leather Archer Armor
26:45 Ballistics
27:33 Murder Holes
33:09 Imperial Age
31:25 Stone Shaft Mining
31:35 Gold Shaft Mining
34:27 Bracer
35:29 Chemistry
38:24 Parthian Tactics
37:55 Elite Mangudai
38:55 Conscription
39:07 Capped Ram
40:29 Forging
40:24 Scale Barding Armor
41:48 Iron Casting
41:36 Siege Ram
42:42 Drill
42:59 Chain Barding Armor
mr.falla2016
0:41 Loom
7:28 Feudal Age
12:49 Castle Age
15:01 Horse Collar
15:10 Double-Bit Axe
17:34 Town Watch
19:55 Town Patrol
25:17 Imperial Age
24:09 Pikeman
25:36 Ballistics
26:17 Chemistry
26:01 Fortified Wall
26:11 Wagenburg Tactics
35:36 Forging
35:27 Scale Mail Armor
36:39 Wheelbarrow
35:48 Houfnice
43:53 Forging
43:43 Scale Mail Armor
52:54 Hand Cart
52:51 Squires
58:29 Bow Saw
Jugador08479147
2:42 Double-Bit Axe
4:31 Horse Collar
9:49 Feudal Age
9:45 Wheelbarrow
9:12 Gold Mining
11:15 Stone Mining
13:33 Gold Shaft Mining
13:29 Man-at-Arms
14:50 Stone Shaft Mining
16:44 Bow Saw
20:00 Castle Age
20:11 Light Cavalry
21:45 Cavalier
32:47 Hand Cart
51:41 Husbandry
52:49 Scale Barding Armor
[taberna] carlos3g
8:51 Feudal Age
10:52 Double-Bit Axe
10:51 Horse Collar
15:40 Castle Age
18:02 Bow Saw
17:56 Heavy Plow
21:03 Imperial Age
21:17 Chemistry
23:19 Two-Man Saw
22:51 Town Watch
26:00 Wheelbarrow
27:19 Conscription
27:26 Hand Cart
29:05 Ballistics
33:09 Elite Hussite Wagon
42:16 Fletching
42:26 Padded Archer Armor
44:27 Wagenburg Tactics
44:53 Houfnice
45:53 Town Patrol
49:03 Scale Mail Armor
49:13 Forging
48:40 Pikeman
49:21 Squires
50:34 Halberdier
53:09 Chain Mail Armor
53:29 Iron Casting
57:22 Blast Furnace
56:53 Plate Mail Armor
TheuzzLivee
10:25 Feudal Age
16:02 Castle Age
26:00 Imperial Age
26:03 Forging
25:59 Scale Barding Armor
27:05 Light Cavalry
30:30 Winged Hussar
43:41 Bloodlines
44:16 Iron Casting
44:01 Chain Barding Armor
50:14 Elite Skirmisher
Typhz
7:01 Feudal Age
8:01 Horse Collar
8:07 Double-Bit Axe
9:56 Wheelbarrow
13:47 Castle Age
27:26 Imperial Age
25:13 Bow Saw
25:07 Heavy Plow
28:56 Elite Skirmisher
38:02 Conscription
39:25 Caravan
44:54 Gold Mining
45:03 Elite Genoese Crossbowman
52:27 Fletching
52:38 Padded Archer Armor
53:57 Ballistics
54:37 Chemistry
Connection lost

Rejoining the realm…

Still unreachable

The connection could not be restored.

Session expired

The server has moved on; the page needs a fresh start.